 Dungeon Crawl Stone Soup version 0.15-a0-2165-g9981db6 (console) character file.

533737 MrRokkomies the Sniper (level 25, -3/206 (210) HPs)
             Began as a Demonspawn Arcane Marksman on July 14, 2014.
             Was the Champion of Makhleb.
             Splashed by an acid blob's acid (11 damage)
             ... on Level 5 of the Pits of Slime on July 20, 2014.
             The game lasted 09:20:47 (75648 turns).

MrRokkomies the Sniper (DsAM)                      Turns: 75648, Time: 09:20:47

HP  -3/206 (210) AC  0     Str 12      XL: 25   Next:  4%
MP  40/41        EV 19     Int 25      God: Makhleb [******]
Gold 3860        SH  0     Dex 13      Spells:  9 memorised,  1 level left

rFire  + . .     SeeInvis +     g - +9 quarterstaff "Breivea" {crush, +Blink MR+ SInv}
rCold  + + .     Clarity  .     c - +3 mottled dragon armour
rNeg   + . .     rCorr    .     (no shield)
rPois  .         rRot     .     (helmet unavailable)
rElec  .         Spirit   .     J - +2 cloak {MR+}
SustAb .         Warding  .     e - +3 pair of gauntlets of War {Slay+5}
rMut   +         Stasis   .     t - +2 pair of boots {Stlth+}
Gourm  .                        V - cursed amulet of resist mutation
MR     ++++.                    Q - ring of Owkuidu {+Fly rF+ rN+ MR+ Dex-1}
                                X - +6 ring of slaying

@: corroded equipment, incredibly resistant to hostile enchantments, unstealthy
A: horns 3, iridescent scales 3, breathe flames 1, cold resistance 2, passive
freeze, sense surroundings 1, powered by death 2, powered by pain 3, freezing
cloud immunity, placid magic 1
a: Minor Destruction, Lesser Servant of Makhleb, Major Destruction, Greater
Servant of Makhleb, Renounce Religion, Breathe Fire, Evoke Blink, Evoke Flight
}: 2/15 runes: decaying, gossamer


You were on level 5 of the Pits of Slime.
You worshipped Makhleb.
Makhleb was exalted by your worship.
You were not hungry.

You visited 11 branches of the dungeon, and saw 59 of its levels.
You visited the Abyss 1 time.
You also visited: Labyrinth and Ice Cave.

You collected 7257 gold pieces.
You spent 3397 gold pieces at shops.

Inventory:

Hand weapons
 a - the +15 heavy crossbow "Sniper" {velocity, SInv}
   (You acquired it on level 1 of the Lair of Beasts)

   Any bolt fired from it inflicts extra damage.
   It enhances your eyesight.
 b - a +9 lajatang of protection
 g - the +9 quarterstaff "Breivea" (weapon) {crush, +Blink MR+ SInv}
   (You found it on level 4 of the Spider Nest)

   It inflicts extra damage upon your enemies.
   It affects your resistance to hostile enchantments.
   It enhances your eyesight.
   It lets you blink.
Missiles
 h - 52 silver bolts
 p - 823 bolts
 r - 66 bolts of flame
 v - 24 bolts of penetration (quivered)
 y - 66 bolts of frost
 B - 43 poisoned bolts
 U - 14 steel bolts
Armour
 c - a +3 mottled dragon armour (worn)
 e - the +3 pair of gauntlets of War (worn) {Slay+5}
   (You acquired it on level 1 of the Swamp)

   It affects your accuracy and damage with ranged weapons and melee attacks
   (+5).
 t - a +2 pair of boots of stealth (worn)
 x - a +0 fire dragon armour {Xtahua}
 J - a +2 cloak of magic resistance (worn)
Magical devices
 l - a wand of invisibility (0)
 D - a wand of disintegration (8)
 E - a wand of flame (14)
 F - a wand of draining (0)
 H - a wand of fire (9)
 I - a wand of flame (5)
 K - a wand of cold (2)
 O - a wand of disintegration (20)
 S - a wand of heal wounds (2)
 W - a wand of teleportation (4)
 Z - a wand of digging (11)
Comestibles
 f - 22 bread rations
Scrolls
 o - 3 scrolls of immolation
 w - 4 scrolls of identify
 z - 4 scrolls of teleportation
 G - 16 scrolls of remove curse
 T - 2 scrolls of fog
Jewellery
 d - an uncursed ring of see invisible
 i - an uncursed amulet of clarity
 k - an uncursed ring of teleport control
 n - an uncursed amulet of resist corrosion
 q - a cursed amulet of warding
 C - the ring of Jizaeb {rC- rN+ MR+}
   (You found it on level 3 of the Crypt)

   [ring of positive energy]

   It makes you vulnerable to cold.
   It protects you from negative energy.
   It affects your resistance to hostile enchantments.
 M - the ring of the Eleven Ghosts {rPois rN+}
   (You found it on level 3 of the Crypt)

   [ring of positive energy]

   It protects you from poison.
   It protects you from negative energy.
 Q - the ring of Owkuidu (right hand) {+Fly rF+ rN+ MR+ Dex-1}
   (You found it on level 3 of the Crypt)

   [ring of positive energy]

   It affects your dexterity (-1).
   It protects you from fire.
   It protects you from negative energy.
   It affects your resistance to hostile enchantments.
   It lets you fly.
 V - a cursed amulet of resist mutation (around neck)
 X - a +6 ring of slaying (left hand)
Potions
 m - 6 potions of curing
 u - 5 potions of berserk rage
 A - 3 potions of cancellation
 N - a potion of agility
 P - 3 potions of resistance
Miscellaneous
 j - a fan of gales
 L - a lamp of fire
 Y - a phial of floods


   Skills:
 - Level 20.0 Fighting
 + Level 13.5 Staves
 - Level 23.0 Crossbows
 - Level 8.4 Armour
 - Level 16.0 Dodging
 - Level 4.9 Spellcasting
 - Level 14.1 Hexes
 * Level 4.5 Charms
 - Level 4.2 Summonings
 - Level 1.0 Fire Magic
 - Level 20.0 Invocations
 - Level 6.6 Evocations


You had one spell level left.
You knew the following spells:

 Your Spells              Type           Power        Failure   Level  Hunger
a - Corona                Hex            ######.      0%          1    None
b - Haste                 Chrm           ###.....     98%         6    #######
c - Inner Flame           Hex/Fire       ####....     1%          3    ##.....
d - Summon Butterflies    Summ           ###.....     1%          1    None
e - Enslavement           Hex            ######..     1%          4    ####...
f - Cause Fear            Hex            ######....   1%          4    ####...
g - Summon Mana Viper     Hex/Summ       ####....     3%          5    #####..
h - Dazzling Spray        Conj/Hex       ####....     1%          3    ##.....
i - Silence               Hex/Air        ####......   7%          5    #####..


Dungeon Overview and Level Annotations

Branches:
Dungeon (15/15)            Temple (1/1) D:5             Orc (4/4) D:10
    Elf (3/3) Orc:3          Lair (8/8) D:10          Swamp (5/5) Lair:4
 Spider (5/5) Lair:5        Slime (6/6) Lair:8       Vaults (4/5) D:14
  Crypt (3/3) Vaults:3       Tomb (0/3) Crypt:3         Zot (0/5) Depths:5
 Depths (5/5) D:15

Altars:
Ashenzari
Cheibriados
Elyvilon
Fedhas
Kikubaaqudgha
Makhleb
Okawaru
Qazlal
Sif Muna
Trog
Vehumet
Xom
Yredelemnul
The Shining One
Beogh
Jiyva

Shops:
D:5 :   D:15 (   Orc:4 [:==!   Vaults:1 %!*%%   Depths:1 *

Portals:
Hell: Depths:1 Depths:2 Depths:3 Depths:4 Depths:5
Abyss: Depths:2 Depths:4 Depths:5
Pandemonium: Depths:3
Ziggurat: Depths:1

Annotations:
Lair:6 1 exclusion


Innate Abilities, Weirdness & Mutations

You have a pair of large horns on your head.
You are completely covered in iridescent scales (AC +8).
Your flesh is very cold resistant.
A frigid envelope surrounds you and freezes all who hurt you.
You can steal the life force of defeated enemies.
You are powered by pain.
You are immune to freezing clouds.
You can breathe flames.
You passively map a small area around you.
Your spells are a little easier to cast, but a little less powerful.


Message History

The acid blob hits you but does no damage.
The acid blob is very cold.
The acid blob is lightly wounded.
The acid blob spits acid at you. The splash of acid hits you!
The acid corrodes your equipment!
The acid burns!
* * * LOW HITPOINT WARNING * * *
x2 Read which item? (? for menu, Esc to quit)
Okay, then.
Wield which item (- for none, * to show all)? (? for menu, Esc to quit)
You feel less protected.
g - the +9 quarterstaff "Breivea" (weapon)
{crush, +Blink MR+ SInv} Use which ability? (? or * to list)
You blink.
You feel slightly more hungry. The wall burns you!
* * * LOW HITPOINT WARNING * * *
Use which ability? (? or * to list)
You blink.
You feel slightly more hungry. The walls burn you!
* * * LOW HITPOINT WARNING * * *
The acid blob spits acid at you. The splash of acid hits you!
The acid corrodes your equipment!
The acid burns!
You die...

..#.....##...#............##.....
.........##.#.........##.........
..##.(....#.##......##.#.........
...##...(#..........#...#......##
...###.##......................##
..###.##.......§JJ.§............#
####..........#................##
####........#.#...............#
##.#............@..(...........#
#..............#.....#...##...##
##.#.#.........#.....##.##....##
######.#.#.#.#.......###......##
####...#.........###......#
##.#..........# ###...##
####..#......# ##...#
##...##.....## #...##
##...####.....# ##.##


You could see 2 acid blobs.

Vanquished Creatures
  the royal jelly (Slime:6)
  2 ancient liches (Crypt:3)
  Saint Roka (Vaults:2)
  4 golden dragons
  Xtahua (Vaults:3)
  Frederick (Crypt:3)
  Arachne (Spider:3)
  2 tentacled monstrosities
  2 deep elf blademasters
  A deep elf master archer (Elf:3)
  5 sphinxes
  28 acid blobs
  An Executioner (Slime:6)
  8 liches
  2 storm dragons
  6 shadow dragons
  Rupert (Lair:4)
  Agnes (Elf:1)
  2 ancient champions
  Kirke (Swamp:1)
  3 tengu reavers
  2 thorn hunters (Swamp:4)
  3 draconian monks (Depths:5)
  A revenant (Crypt:3)
  6 fire giants
  Donald (Vaults:3)
  A balrug (Depths:3)
  4 ghost moths (Spider:5)
  Wiglaf (Depths:1)
  6 deep elf sorcerers
  10 frost giants
  7 azure jellies
  10 vault wardens
  An iron dragon (Vaults:4)
  A cacodemon (Elf:3)
  9 emperor scorpions
  7 ghouls
  A draconian shifter (Depths:5)
  2 draconian annihilators (Depths:5)
  A reaper (Crypt:1)
  5 spriggan defenders
  5 deep elf demonologists
  6 rakshasas
  3 curse skulls
  4 vampire knights
  16 stone giants
  3 war gargoyles (Crypt:3)
  3 green draconians (Depths:5)
  6 dire elephants
  2 pale draconians (Depths:5)
  A black draconian (Depths:5)
  2 purple draconians (Depths:5)
  13 deep elf annihilators
  5 white draconians (Depths:5)
  2 red draconians (Depths:5)
  8 ettins
  3 minotaurs
  5 eidola
  Snorg (Orc:4)
  8 deep elf death magi
  7 great orbs of eyes
  9 jiangshi
  6 death oozes
  11 yaktaur captains
  8 fire dragons
  5 spriggan air magi
  10 ironheart preservers
  2 deep elf high priests
  11 vault guards
  3 quicksilver dragon skeletons
  Fannar (Orc:3)
  The ghost of hackum the Cleaver, a powerful FoFi of Gozag (D:10)
  An ice dragon (shapeshifter) (Elf:3)
  6 ghost crabs
  22 hydras
  7 ice dragons
  2 ravenous item mimics
  2 shambling mangroves (Swamp:2)
  11 ogre magi
  Erica (Orc:2)
  7 centaur warriors
  3 deep troll earth magi (Depths:3)
  5 death knights
  8 alligators
  6 deep troll shamans
  24 death yaks
  4 tengu warriors
  An orc high priest (Elf:3)
  5 vampire magi
  A titan zombie (Crypt:2)
  Urug (D:13)
  2 soul eaters (Crypt:3)
  2 spriggan berserkers
  8 very ugly things
  2 iron trolls
  21 spriggans
  A catoblepas (D:12)
  2 sun demons (Depths:3)
  Nergalle (Lair:3)
  6 hell knights (Depths:4)
  A storm dragon zombie (Crypt:2)
  Erolcha (Orc:2)
  7 unseen horrors
  An ice devil (Vaults:2)
  2 titan skeletons (Crypt:2)
  21 skeletal warriors
  13 deep elf knights
  A fire crab (Vaults:2)
  2 fire crabs (shapeshifter)
  3 shadow wraiths
  17 orb spiders
  A storm dragon skeleton (Depths:5)
  2 ghost moth zombies
  20 deep trolls
  2 death drakes (Depths:5)
  4 deep elf summoners
  4 giant orange brains
  An ice statue (IceCv)
  16 flayed ghosts
  14 hill giants
  10 swamp dragons
  A golden dragon skeleton (Crypt:1)
  A shadow dragon zombie (Crypt:2)
  13 orc knights
  2 wizards
  8 ironbrand convokers
  A red wasp (shapeshifter) (Vaults:4)
  An oklob plant (Orc:1)
  3 shining eyes
  20 phantasmal warriors
  13 harpies
  36 wolf spiders
  11 necromancers
  19 deep elf conjurers
  7 griffons
  A frost giant zombie (Crypt:2)
  6 orc sorcerers
  2 stone giant zombies
  A salamander (shapeshifter) (Vaults:1)
  14 elephants
  3 red wasps
  4 cyclopes
  2 iron dragon skeletons
  3 manticores
  A sphinx skeleton (Depths:2)
  A human skeleton (Vaults:3)
  9 fire giant skeletons
  3 stone giant skeletons
  Maurice (D:8)
  A frost giant skeleton (Vaults:1)
  Joseph (D:8)
  6 black mambas
  3 dire elephant zombies
  14 vault sentinels
  2 eyes of devastation (Slime:5)
  23 spiny frogs
  A torpor snail (Spider:5)
  5 gargoyles
  A white draconian zombie (Crypt:1)
  Psyche (Orc:1)
  A dire elephant skeleton (Crypt:3)
  9 demonic crawlers
  A silent spectre (Crypt:1)
  2 spriggan zombies (Depths:2)
  2 fire drakes (Lair:4)
  3 item mimics
  49 yaktaurs
  2 trolls (shapeshifter)
  13 deep elf priests
  A sea snake zombie (Crypt:1)
  A purple draconian zombie (Depths:5)
  3 harpy zombies (Crypt:2)
  2 tengu conjurers
  A golden dragon simulacrum (Crypt:2)
  10 guardian mummies
  A hydra zombie (Crypt:2)
  28 jumping spiders
  9 komodo dragons
  2 jumping spiders (shapeshifter)
  An elf (shapeshifter) (Depths:2)
  5 spriggan druids
  14 blink frogs
  3 kobold demonologists
  A yaktaur skeleton (Vaults:1)
  2 water elementals (Swamp:3)
  11 trolls
  A catoblepas zombie (Crypt:1)
  Sonja (D:13)
  26 polar bears
  3 giant leeches
  A polar bear (shapeshifter) (Vaults:1)
  Prince Ribbit (D:7)
  10 freezing wraiths
  2 ettin zombies
  18 two-headed ogres
  A hydra skeleton (Crypt:2)
  3 baby alligators (Swamp:3)
  A sphinx simulacrum (Depths:2)
  8 bog bodies
  An alligator zombie (Crypt:2)
  15 ravens
  17 shadows
  2 ice dragon zombies (Crypt:2)
  7 boulder beetles
  72 slime creatures
  2 alligator skeletons
  A catoblepas skeleton (Crypt:2)
  A tarantella (shapeshifter) (Elf:1)
  26 trapdoor spiders
  A baby alligator (shapeshifter) (D:15)
  A frost giant simulacrum (Crypt:2)
  2 human zombies
  8 fire dragon skeletons (Crypt:3)
  5 basilisks
  A trapdoor spider (shapeshifter) (Elf:2)
  44 yaks
  3 ettin skeletons
  16 tarantellas
  8 wyverns
  41 deep elf magi
  6 air elementals
  6 flying skulls
  An ice dragon skeleton (Crypt:2)
  46 redbacks
  39 ugly things
  18 wraiths
  A hill giant zombie (D:5)
  30 deep elf fighters
  3 hungry ghosts
  5 vampires
  2 hogs (Swamp:1)
  12 hippogriffs
  A human (Lair:5)
  A wind drake skeleton (Crypt:2)
  21 vampire mosquitoes
  37 wolves
  The ghost of ilii the Skirmisher, an average GrFi (D:3)
  24 swamp worms
  9 wargs
  19 water moccasins
  5 mottled dragons
  3 soldier ants
  2 ice dragon simulacra (Crypt:2)
  A catoblepas simulacrum (Crypt:2)
  4 sky beasts
  6 ice beasts
  3 small abominations
  A water nymph skeleton (Crypt:1)
  A dwarf (shapeshifter) (Vaults:1)
  5 swamp drakes
  20 porcupines
  38 orc warriors
  6 black bears
  48 ogres
  20 spiders
  10 centaurs
  14 yellow wasps
  3 manticore zombies
  7 necrophages
  2 snapping turtle zombies
  2 ghost crab zombies (Crypt:2)
  A swamp dragon skeleton (Crypt:3)
  3 elf skeletons
  A mermaid skeleton (Crypt:1)
  3 boring beetles
  23 crocodiles
  10 big kobolds
  3 snapping turtle skeletons
  A brain worm (D:15)
  11 lost souls
  A hog skeleton (Crypt:1)
  A yaktaur zombie (Crypt:1)
  An elf zombie (Crypt:1)
  12 insubstantial wisps
  31 giant frogs
  A gnoll sergeant (D:8)
  11 scorpions
  5 eyes of draining
  32 wights
  A yak skeleton (D:9)
  24 jellies
  19 killer bees
  5 electric eels
  17 hounds
  10 crimson imps
  2 giant frog skeletons
  2 centaur skeletons
  A two-headed ogre zombie (D:7)
  A wandering mushroom (Lair:7)
  2 goliath beetles (D:9)
  A centaur zombie (D:8)
  A basilisk skeleton (D:12)
  An iron imp (Depths:5)
  28 orc priests
  A formicid zombie (Crypt:1)
  16 iguanas
  43 sheep
  39 orc wizards
  14 worker ants
  A crocodile zombie (D:8)
  An ogre skeleton (D:5)
  2 ogre zombies
  A tengu skeleton (Crypt:2)
  A hound skeleton (D:4)
  A hound zombie (D:8)
  11 mummies
  A worker ant zombie (D:8)
  30 adders
  3 shadow imps
  An orc skeleton (D:7)
  14 giant mites
  5 gnolls
  59 green rats
  2 worms
  An ufetubus (D:13)
  A spectral adder (Crypt:3)
  4 orc zombies
  A spectral gnoll (Crypt:1)
  An ooze (D:7)
  211 orcs
  A bat skeleton (D:4)
  6 giant cockroaches
  A gnoll skeleton (D:5)
  22 hobgoblins
  3 jackals (D:6)
  22 kobolds
  15 quokkas
  2 ball pythons
  31 bats
  8 giant geckos
  6 giant newts
  A giant newt skeleton (D:5)
  A giant newt zombie (Crypt:2)
  2 giant spores
  28 goblins
  A goblin skeleton (D:5)
  A goblin zombie (Crypt:1)
  A kobold zombie (D:5)
  A quokka skeleton (D:9)
  21 rats
  9 ballistomycetes
  A butterfly (Slime:6)
  4 crawling corpses
  A fungus (D:12)
  3 plants
2806 creatures vanquished.

Vanquished Creatures (collateral kills)
  A tentacled monstrosity (Swamp:5)
  Asterion (Spider:3)
  A titan (Depths:2)
  2 acid blobs
  A thorn hunter (Swamp:4)
  An azure jelly (Slime:6)
  An ironheart preserver (Vaults:4)
  3 hydras
  An ice dragon (Depths:1)
  A deep troll earth mage (Depths:1)
  An ogre mage (Vaults:4)
  2 skeletal warriors (Crypt:2)
  A deep troll (Depths:1)
  A spriggan druid (Swamp:5)
  2 orb spiders (Spider:4)
  4 swamp dragons (Swamp:5)
  A hill giant (Orc:4)
  A griffon (Vaults:4)
  2 wolf spiders (Spider:4)
  2 cyclopes (Orc:4)
  An eye of devastation (Slime:5)
  A torpor snail (Spider:4)
  A demonic crawler (Spider:4)
  A yaktaur (Vaults:4)
  A slime creature (Slime:6)
  A raven (Swamp:2)
  2 bog bodies (Swamp:4)
  3 trapdoor spiders
  A shadow (Crypt:2)
  4 redbacks
  5 tarantellas
  A spriggan (Swamp:3)
  A yak (IceCv)
  6 vampire mosquitoes (Swamp:5)
  2 wolves
  3 swamp drakes
  A soldier ant (Spider:5)
  A swamp worm (Swamp:4)
  A spider (Spider:3)
  A yellow wasp (Swamp:3)
  An orc warrior (Orc:4)
  7 ogres
  A crocodile (Swamp:4)
  2 insubstantial wisps (Swamp:4)
  A wight (Crypt:3)
  An orc wizard (Orc:4)
  5 orc priests (Orc:4)
  2 worker ants (Spider:5)
  6 orcs
  A briar patch (Swamp:4)
95 creatures vanquished.

Vanquished Creatures (others)
  2 Executioners
  A fire giant (Depths:3)
  A cacodemon (Slime:6)
  A balrug (Depths:3)
  4 green deaths
  3 blizzard demons
  2 air elementals (Spider:5)
  2 water elementals (Spider:5)
  A yak (IceCv)
  4 wolves (IceCv)
  A deep elf fighter (Elf:1)
  An orc warrior (D:8)
  3 ogres
  A swamp drake (Depths:5)
  6 lost souls
  A killer bee (D:8)
  A quasit (D:13)
  3 orcs
  A goblin (Orc:1)
  3 giant spores
  10 butterflies
  5 fungi
  A plant (Lair:2)
58 creatures vanquished.

Grand Total: 2959 creatures vanquished

Notes
Turn   | Place    | Note
--------------------------------------------------------------
     0 | D:1      | MrRokkomies, the Demonspawn Arcane Marksman, began the quest for the Orb.
     0 | D:1      | Reached XP level 1. HP: 15/15 MP: 2/2
   320 | D:1      | Gained mutation: You have a pair of small horns on your head. [demonic ancestry]
   320 | D:1      | Reached XP level 2. HP: 15/21 MP: 3/3
   972 | D:2      | Reached XP level 3. HP: 18/26 MP: 2/4
  1088 | D:2      | Reached skill level 4 in Hexes
  1195 | D:2      | Learned a level 2 spell: Slow
  1551 | D:2      | Gained mutation: You can steal the life force of nearby defeated enemies. [demonic ancestry]
  1551 | D:2      | Reached XP level 4. HP: 30/32 MP: 5/5
  1993 | D:3      | Noticed a water moccasin
  2105 | D:3      | Noticed ilii's ghost (average GrFi)
  2234 | D:4      | Reached XP level 5. HP: 26/37 MP: 7/7
  2319 | D:4      | Found a stormy altar of Qazlal.
  2341 | D:4      | Reached skill level 5 in Hexes
  2356 | D:4      | Learned a level 3 spell: Inner Flame
  2366 | D:4      | Found a blossoming altar of Fedhas.
  2667 | D:4      | Gained mutation: You sometimes gain a little power by taking damage. [demonic ancestry]
  2667 | D:4      | Reached XP level 6. HP: 43/43 MP: 6/8
  3156 | D:3      | Killed ilii's ghost
  3206 | D:5      | Entered Level 5 of the Dungeon
  3501 | D:5      | Found Kigadenk's Book Boutique.
  3781 | D:5      | Noticed a hill giant zombie
  3830 | D:5      | Killed a hill giant zombie
  3830 | D:5      | Reached skill level 5 in Crossbows
  3830 | D:5      | Reached skill level 6 in Hexes
  3830 | D:5      | Gained mutation: You have a pair of horns on your head. [demonic ancestry]
  3830 | D:5      | Reached XP level 7. HP: 37/48 MP: 7/9
  3908 | D:5      | Found a staircase to the Ecumenical Temple.
  4039 | D:5      | Found a glowing golden altar of the Shining One.
  4055 | Temple   | Entered the Ecumenical Temple
  4069 | Temple   | Became a worshipper of Makhleb the Destroyer
  4319 | D:5      | Reached XP level 8. HP: 42/54 MP: 10/10
  4361 | D:5      | Reached skill level 7 in Crossbows
  4993 | D:5      | Acquired Makhleb's first power
  5281 | D:5      | Reached skill level 8 in Crossbows
  5418 | D:6      | Identified a scroll of acquirement
  5667 | D:6      | Found a radiant altar of Vehumet.
  5882 | D:6      | Found a snail-covered altar of Cheibriados.
  5971 | D:6      | Reached skill level 9 in Crossbows
  6041 | D:7      | Acquired Makhleb's second power
  6075 | D:7      | Got a steaming robe
  6091 | D:7      | Identified the cursed -5 robe of Shielding {rC+ rN+} (You found it on level 7 of the Dungeon)
  6178 | D:7      | Gained mutation: You are partially covered in iridescent scales (AC +4). [demonic ancestry]
  6178 | D:7      | Reached XP level 9. HP: 59/59 MP: 11/11
  6257 | D:7      | Noticed Prince Ribbit
  6286 | D:7      | Killed Prince Ribbit
  6517 | D:7      | Found an iron altar of Okawaru.
  6575 | D:7      | Reached skill level 10 in Crossbows
  6683 | D:7      | Acquired Makhleb's third power
  6777 | D:7      | Learned a level 1 spell: Summon Butterflies
  7136 | D:8      | Reached skill level 1 in Invocations
  7898 | D:8      | Noticed Joseph
  7997 | D:8      | Killed Joseph
  8227 | D:9      | Reached XP level 10. HP: 44/73 MP: 14/18
  8284 | D:8      | Reached skill level 5 in Fighting
  8364 | D:8      | Reached skill level 5 in Invocations
  8563 | D:8      | Noticed Maurice
  8600 | D:8      | Acquired Makhleb's fourth power
  8626 | D:8      | Killed Maurice
  8690 | D:8      | Found a deep blue altar of Sif Muna.
  9581 | D:9      | Upgraded the game from 0.15-a0-2099-gfb1bfb9 to 0.15-a0-2102-gacb6860
  9660 | D:9      | Reached skill level 1 in Fire Magic
  9719 | D:9      | Learned a level 4 spell: Enslavement
  9724 | D:9      | Learned a level 4 spell: Cause Fear
  9724 | D:9      | Upgraded the game from 0.15-a0-2102-gacb6860 to 0.15-a0-2123-gb18dd36
 10435 | D:9      | Gained mutation: You sometimes gain power by taking damage. [demonic ancestry]
 10435 | D:9      | Reached XP level 11. HP: 73/87 MP: 20/20
 10673 | D:9      | Acquired Makhleb's fifth power
 11017 | D:10     | Entered Level 10 of the Dungeon
 11411 | D:10     | Noticed hackum's ghost (powerful FoFi)
 11471 | D:9      | Reached skill level 5 in Dodging
 11919 | D:10     | Found a staircase to the Orcish Mines.
 11997 | D:10     | HP: 4/87 [something (10)]
 12514 | D:10     | Killed an unseen horror
 13101 | D:10     | Found a staircase to the Lair.
 13126 | Lair:1   | Entered Level 1 of the Lair of Beasts
 13126 | Lair:1   | Noticed an eight-headed hydra
 13179 | Lair:1   | Killed an eight-headed hydra
 14836 | Lair:2   | Paralysed by a yellow wasp for 1 turns
 14987 | Lair:2   | Gained mutation: You are mostly covered in iridescent scales (AC +6). [demonic ancestry]
 14987 | Lair:2   | Reached XP level 12. HP: 80/96 MP: 21/21
 15268 | Lair:2   | Got a warped quarterstaff
 15524 | Lair:3   | Found a frozen archway.
 15528 | IceCv    | Entered an ice cave
 15886 | IceCv    | Reached skill level 10 in Dodging
 16097 | IceCv    | Reached skill level 10 in Fighting
 16267 | IceCv    | Identified the +10 quarterstaff "Dyakes" {drain, +Blink rN+ Stlth+} (You found it on level 2 of the Lair of Beasts)
 16316 | IceCv    | Noticed a frost giant
 16335 | IceCv    | Killed a frost giant
 16335 | IceCv    | Reached skill level 10 in Hexes
 16499 | Lair:3   | Noticed an eight-headed hydra
 16516 | Lair:3   | Killed an eight-headed hydra
 16656 | Lair:3   | Noticed Nergalle
 16671 | Lair:3   | Killed Nergalle
 16671 | Lair:3   | Gained mutation: You have a pair of large horns on your head. [demonic ancestry]
 16671 | Lair:3   | Reached XP level 13. HP: 88/103 MP: 25/25
 16684 | Lair:3   | Noticed a four-headed hydra
 16696 | Lair:3   | Killed a four-headed hydra
 17110 | Lair:3   | Reached skill level 11 in Hexes
 17507 | Lair:4   | Found a staircase to the Swamp.
 17648 | Lair:4   | Reached skill level 10 in Invocations
 17837 | Lair:4   | Noticed Rupert
 17850 | Lair:4   | Paralysed by Rupert for 3 turns
 18021 | Lair:4   | Killed Rupert
 18628 | Lair:4   | Reached skill level 12 in Hexes
 19547 | Lair:5   | Found a hole to the Spider Nest.
 20541 | Lair:6   | Reached skill level 1 in Staves
 21651 | Lair:5   | Reached skill level 13 in Hexes
 21998 | D:5      | Bought a book of Clouds for 540 gold pieces
 22003 | D:5      | Learned a level 3 spell: Conjure Flame
 22733 | Lair:7   | Gained mutation: You are powered by pain. [demonic ancestry]
 22733 | Lair:7   | Reached XP level 14. HP: 110/110 MP: 28/28
 23514 | Lair:8   | Entered Level 8 of the Lair of Beasts
 23638 | Lair:8   | Reached skill level 5 in Staves
 23892 | Lair:8   | Found a staircase to the Slime Pits.
 24279 | Lair:8   | Gained mutation: You can steal the life force of defeated enemies. [demonic ancestry]
 24279 | Lair:8   | Reached XP level 15. HP: 115/115 MP: 29/29
 25444 | Orc:1    | Entered Level 1 of the Orcish Mines
 25616 | Orc:2    | Noticed Erica
 25664 | Orc:2    | Killed Erica
 25908 | Orc:2    | Noticed Erolcha
 25913 | Orc:2    | Paralysed by Erolcha for 6 turns
 25918 | Orc:2    | Killed Erolcha
 26374 | Orc:1    | Noticed Psyche
 26376 | Orc:1    | Paralysed by Psyche for 7 turns
 26397 | Orc:1    | Killed Psyche
 26895 | Orc:3    | Found an iron altar of Okawaru.
 26954 | Orc:3    | Found a staircase to the Elven Halls.
 27034 | Orc:3    | Noticed Fannar
 27057 | Orc:3    | Killed Fannar
 27629 | Orc:4    | Entered Level 4 of the Orcish Mines
 27897 | Orc:4    | Noticed Snorg
 27905 | Orc:4    | Killed Snorg
 28376 | Orc:4    | Found Vac Amig's Distillery.
 28384 | Orc:4    | Bought 2 potions of degeneration for 48 gold pieces
 28384 | Orc:4    | Bought a potion of poison for 12 gold pieces
 28384 | Orc:4    | Bought a potion of agility for 30 gold pieces
 28429 | Orc:4    | Found a roughly hewn altar of Beogh.
 28579 | Orc:4    | Reached skill level 14 in Hexes
 28729 | Orc:4    | Found Deugom's Book Boutique.
 28760 | Orc:4    | Found Bycoekk's Armour Boutique.
 28761 | Orc:4    | Found Mnyat's Jewellery Shoppe.
 28785 | Orc:4    | Bought a manual of Dodging for 1324 gold pieces
 28802 | Orc:4    | Found Mnaang's Jewellery Shop.
 28813 | Orc:4    | Bought an uncursed ring of poison resistance for 240 gold pieces
 28813 | Orc:4    | Bought a cursed amulet of inaccuracy for 24 gold pieces
 28915 | Orc:4    | Found a bloodstained altar of Trog.
 29033 | Orc:4    | Reached skill level 10 in Staves
 29646 | Swamp:1  | Entered Level 1 of the Swamp
 29809 | Swamp:1  | Gained mutation: Your flesh is cold resistant. [demonic ancestry]
 29809 | Swamp:1  | Reached XP level 16. HP: 96/122 MP: 30/30
 30004 | Swamp:1  | Noticed Kirke
 30010 | Swamp:1  | Killed Kirke
 33404 | Swamp:4  | Reached skill level 15 in Dodging
 33597 | Swamp:5  | Entered Level 5 of the Swamp
 33653 | Swamp:5  | Noticed a tentacled monstrosity
 33654 | Swamp:5  | Killed a tentacled monstrosity
 34299 | Swamp:5  | Got a decaying rune of Zot
 35233 | D:11     | Reached skill level 1 in Armour
 35300 | D:11     | Gained mutation: You are completely covered in iridescent scales (AC +8). [demonic ancestry]
 35300 | D:11     | Reached XP level 17. HP: 128/128 MP: 30/30
 35425 | D:11     | Reached skill level 16 in Dodging
 36209 | D:12     | Found a blossoming altar of Fedhas.
 36759 | D:13     | Noticed Urug
 36767 | D:13     | Killed Urug
 36780 | D:13     | Found a labyrinth entrance.
 36787 | Lab      | Entered a labyrinth
 37405 | Lab      | Identified the Grimoire of Ashen Arcane Weapons (You found it in a labyrinth)
 37410 | Lab      | Learned a level 3 spell: Dazzling Spray
 37631 | D:13     | Identified a +6 rod of destruction (13/13) (You took it off a minotaur in a labyrinth)
 37726 | D:13     | Noticed Sonja
 37731 | D:13     | Killed Sonja
 38457 | D:14     | Reached skill level 5 in Armour
 38838 | D:14     | Found a gate to the Vaults.
 39044 | D:15     | Entered Level 15 of the Dungeon
 39364 | D:15     | Found Cliablim's Antique Weapon Boutique.
 39462 | D:15     | Cast into the Abyss (ogre mage)
 39477 | Abyss:1  | Found a corrupted altar of Lugonu.
 39493 | Abyss:1  | Found an ancient bone altar of Kikubaaqudgha.
 39529 | D:15     | Escaped the Abyss
 39649 | D:15     | Found a staircase to the Depths.
 40511 | Vaults:1 | Entered Level 1 of the Vaults
 40840 | Vaults:1 | Found Griqioc's Food Shop.
 41279 | Lair:1   | Upgraded the game from 0.15-a0-2123-gb18dd36 to 0.15-a0-2130-g28e4b74
 41438 | D:5      | Bought the Handbook of Bewitchment and Lightness for 619 gold pieces
 41769 | Spider:1 | Entered Level 1 of the Spider Nest
 42929 | Spider:2 | Reached XP level 18. HP: 134/134 MP: 31/31
 42939 | Spider:2 | Learned a level 5 spell: Silence
 44012 | Spider:3 | Noticed Arachne
 44032 | Spider:3 | Killed Arachne
 44445 | Spider:3 | Got a fabulously ornate robe
 44446 | Spider:3 | Identified the -4 robe of Springtime {Dex+2} (You found it on level 3 of the Spider Nest)
 44865 | Spider:3 | Noticed Asterion
 44881 | Spider:3 | Killed Asterion
 45558 | Spider:4 | Got a twisted quarterstaff
 45559 | Spider:4 | Identified the +9 quarterstaff "Breivea" {crush, +Blink MR+ SInv} (You found it on level 4 of the Spider Nest)
 46225 | Lair:1   | Upgraded the game from 0.15-a0-2130-g28e4b74 to 0.15-a0-2144-g51de978
 46534 | Spider:5 | Entered Level 5 of the Spider Nest
 46614 | Spider:5 | Noticed Mara
 47153 | Spider:5 | Noticed MrRokkomies' illusion
 47175 | Spider:5 | HP: 4/140 [jumping spider (12)]
 47736 | Spider:5 | Got a gossamer rune of Zot
 48396 | D:13     | Upgraded the game from 0.15-a0-2144-g51de978 to 0.15-a0-2151-gce93697
 48668 | Orc:4    | Bought an uncursed ring of protection from magic for 300 gold pieces
 48713 | Elf:1    | Entered Level 1 of the Elven Halls
 48761 | Elf:1    | Noticed Agnes
 48772 | Elf:1    | Killed Agnes
 49985 | Elf:2    | Reached XP level 19. HP: 150/150 MP: 32/32
 50993 | Elf:3    | Entered Level 3 of the Elven Halls
 51043 | Elf:3    | Gained mutation: Your flesh is very cold resistant. [a cacodemon]
 52069 | Elf:2    | Gained mutation: You passively map a small area around you. [a neqoxec]
 52617 | Elf:3    | Reached skill level 15 in Crossbows
 52759 | Elf:3    | Identified the Almanac of Bewitchment (You found it on level 3 of the Elven Halls)
 53071 | Elf:3    | Identified the Disquisition on Enhancements (You found it on level 3 of the Elven Halls)
 53077 | Elf:3    | Identified the Catalogue of Calling and the Birds
 53688 | Elf:3    | Found a radiant altar of Vehumet.
 54131 | D:10     | Killed hackum's ghost
 54819 | Vaults:1 | Found Beakaf's Food Shoppe.
 54854 | Vaults:1 | Found Xack's Distillery.
 54864 | Vaults:1 | Found Qugiholi's General Store.
 55128 | Vaults:1 | Found Zavaziev's Food Boutique.
 55241 | Vaults:1 | Reached skill level 15 in Fighting
 55885 | Vaults:2 | Reached XP level 20. HP: 162/162 MP: 32/32
 56070 | Vaults:2 | Noticed Saint Roka
 56084 | Vaults:2 | Killed Saint Roka
 57382 | Vaults:3 | Found a staircase to the Crypt.
 57401 | Vaults:3 | Reached skill level 17 in Crossbows
 57798 | Vaults:3 | Noticed Xtahua
 57809 | Vaults:3 | Killed Xtahua
 58439 | Vaults:3 | Noticed Donald
 58447 | Vaults:3 | Killed Donald
 59261 | Vaults:4 | Reached XP level 21. HP: 174/174 MP: 30/33
 60233 | Vaults:4 | Learned a level 6 spell: Haste
 60433 | Vaults:1 | Reached skill level 18 in Crossbows
 61044 | Crypt:1  | Entered Level 1 of the Crypt
 63327 | Crypt:2  | Reached skill level 19 in Fighting
 63383 | Crypt:2  | Identified the Guide on Evil Arts
 64231 | Crypt:2  | Gained mutation: You are immune to freezing clouds. [demonic ancestry]
 64231 | Crypt:2  | Reached XP level 22. HP: 186/186 MP: 34/34
 64454 | Crypt:3  | Entered Level 3 of the Crypt
 65069 | Crypt:3  | Found a staircase to the Tomb.
 65128 | Crypt:3  | Got a steaming plate armour
 65129 | Crypt:3  | Identified the cursed -5 plate armour "Giopt" {+Fly Int+3} (You found it on level 3 of the Crypt)
 65275 | Crypt:3  | Noticed an ancient lich
 65279 | Crypt:3  | Killed an ancient lich
 65279 | Crypt:3  | Reached skill level 20 in Fighting
 65506 | Crypt:3  | Got a twitching wooden ring
 65508 | Crypt:3  | Got a heavily runed glass ring
 65508 | Crypt:3  | Got a smoking glass ring
 65508 | Crypt:3  | Got a glittering iron ring
 65509 | Crypt:3  | Identified the ring of Jizaeb {rC- rN+ MR+} (You found it on level 3 of the Crypt)
 65510 | Crypt:3  | Identified the ring of the Eleven Ghosts {rPois rN+} (You found it on level 3 of the Crypt)
 65517 | Crypt:3  | Identified the ring of Owkuidu {+Fly rF+ rN+ MR+ Dex-1} (You found it on level 3 of the Crypt)
 65519 | Crypt:3  | Identified the ring "Onwadi" {rN+ Str+3} (You found it on level 3 of the Crypt)
 65761 | Crypt:3  | Noticed Frederick
 65769 | Crypt:3  | Killed Frederick
 66057 | Crypt:3  | Found an ancient bone altar of Kikubaaqudgha.
 66394 | Crypt:3  | Noticed an ancient lich
 66402 | Crypt:3  | Killed an ancient lich
 67170 | Depths:1 | Entered Level 1 of the Depths
 67170 | Depths:1 | Found Blifaz's Assorted Antiques.
 67195 | Depths:1 | Noticed Wiglaf
 67217 | Depths:1 | Killed Wiglaf
 67378 | Depths:1 | Found a gateway to a ziggurat.
 68038 | Depths:1 | Found a gateway to Hell.
 68416 | Depths:2 | Gained mutation: A frigid envelope surrounds you and freezes all who hurt you. [demonic ancestry]
 68416 | Depths:2 | Reached XP level 23. HP: 196/196 MP: 36/36
 68966 | Depths:2 | Found a shimmering altar of Xom.
 68966 | Depths:2 | Found a shimmering altar of Xom.
 68966 | Depths:2 | Found a shimmering altar of Xom.
 68968 | Depths:2 | Found a shimmering altar of Xom.
 69056 | Depths:2 | Found a one-way gate to the infinite horrors of the Abyss.
 69661 | Depths:3 | Reached skill level 21 in Crossbows
 69727 | Depths:3 | Reached skill level 15 in Invocations
 70280 | Depths:3 | Found a one-way gate leading to the halls of Pandemonium.
 70951 | Depths:3 | Upgraded the game from 0.15-a0-2151-gce93697 to 0.15-a0-2165-g9981db6
 71760 | Depths:5 | Entered Level 5 of the Depths
 71770 | Depths:5 | Reached XP level 24. HP: 174/204 MP: 40/40
 71806 | Depths:5 | Reached skill level 22 in Crossbows
 72664 | Depths:5 | Found a gate to the Realm of Zot.
 72909 | Depths:5 | Got a shimmering chain mail
 72912 | Depths:5 | Identified the +8 chain mail of Fun and Games {Str-3 Int-2} (You found it on level 5 of the Depths)
 73714 | Vaults:1 | Reached skill level 1 in Charms
 74038 | Orc:4    | Bought an uncursed amulet of resist corrosion for 260 gold pieces
 74181 | Lair:1   | Learned a level 5 spell: Summon Mana Viper
 74395 | Slime:1  | Entered Level 1 of the Pits of Slime
 74423 | Slime:2  | Reached skill level 1 in Summonings
 74460 | Slime:3  | Gained mutation: Your spells are a little easier to cast, but a little less powerful. [a shining eye]
 74510 | Slime:3  | Reached skill level 23 in Crossbows
 74701 | Slime:5  | Gained mutation: You can breathe flames. [a shining eye]
 74716 | Slime:6  | Entered Level 6 of the Pits of Slime
 74762 | Slime:6  | Found a viscous altar of Jiyva.
 74796 | Slime:6  | Noticed the royal jelly
 74981 | Slime:5  | HP: 9/200 [titanic slime creature (85)]
 74992 | Slime:5  | HP: 5/200 [acid (7)]
 75640 | Slime:6  | Killed the royal jelly
 75640 | Slime:6  | Reached XP level 25. HP: 109/206 MP: 41/41
 75648 | Slime:5  | HP: 7/206 [acid (12)]
 75648 | Slime:5  | Splashed by an acid blob's acid

Action                   |  1- 3 |  4- 6 |  7- 9 | 10-12 | 13-15 | 16-18 | 19-21 | 22-24 | 25-27 || total
-------------------------+-------+-------+-------+-------+-------+-------+-------+-------+-------++-------
Melee: Unarmed           |    29 |       |       |       |       |       |       |       |       ||    29
       Whip              |    24 |       |       |       |       |       |       |       |       ||    24
       Short sword       |    76 |    54 |       |       |       |       |       |       |       ||   130
       Falchion          |       |    37 |       |       |       |       |       |       |       ||    37
       Quarterstaff      |       |    72 |   422 |   902 |  1415 |  1667 |  1533 |   288 |       ||  6299
       Flail             |       |       |   136 |       |       |       |       |       |       ||   136
       Lajatang          |       |       |       |       |       |       |       |   906 |     2 ||   908
 Fire: Hand crossbow     |    13 |    56 |   101 |   206 |       |       |       |       |       ||   376
       Triple crossbow   |       |       |       |    62 |    89 |   252 |   581 |   541 |       ||  1525
       Blowgun           |       |       |       |       |       |     4 |       |       |       ||     4
 Cast: Corona            |     7 |    21 |    19 |    16 |       |     2 |       |       |       ||    65
       Slow              |     1 |     9 |    23 |    17 |     5 |     8 |       |       |       ||    63
       Inner Flame       |       |       |     2 |    15 |     8 |     9 |     6 |     3 |       ||    43
       Cause Fear        |       |       |       |     5 |     3 |     3 |     4 |     3 |       ||    18
       Enslavement       |       |       |       |    10 |    27 |    34 |    16 |     8 |       ||    95
       Summon Butterflie |       |       |       |     1 |     1 |       |       |     3 |       ||     5
       Silence           |       |       |       |       |       |     1 |       |       |       ||     1
Invok: Lesser Servant of |       |       |       |       |       |     4 |       |       |       ||     4
       Greater Servant o |       |       |       |       |       |     9 |     1 |     9 |       ||    19
       Major Destruction |       |       |       |       |       |     2 |       |     8 |       ||    10
       Minor Destruction |       |       |       |       |       |     2 |       |     7 |       ||     9
 Abil: Evoke Blink       |       |       |       |       |       |     3 |       |     1 |     2 ||     6
       Evoke Teleport Co |       |       |       |       |       |     1 |       |       |       ||     1
       Evoke Flight      |       |       |       |       |       |       |       |     1 |       ||     1
Evoke: Wand              |       |       |     4 |    13 |     5 |    22 |     5 |    20 |     1 ||    70
       Fan of gales      |       |       |       |     1 |       |     1 |       |     1 |       ||     3
       Phial of floods   |       |       |       |       |       |     2 |       |       |       ||     2
       Rod               |       |       |       |       |       |     1 |       |       |       ||     1
       Lamp of fire      |       |       |       |       |       |       |     1 |       |       ||     1
  Use: Scroll            |     4 |    13 |     9 |     7 |    13 |    34 |    17 |    30 |       ||   127
       Potion            |     1 |     2 |     3 |     6 |     1 |    11 |     8 |    11 |       ||    43
 Stab: Invisible         |       |       |     1 |       |     1 |       |       |       |       ||     2
       Distracted        |       |       |       |     1 |     1 |     3 |     2 |       |       ||     7
       Sleeping          |       |       |       |       |     6 |    10 |     5 |     4 |       ||    25
       Fleeing           |       |       |       |       |     1 |       |       |       |       ||     1
       Betrayed ally     |       |       |       |       |       |     1 |       |       |       ||     1
  Eat: Chunk             |     2 |     9 |    13 |    28 |    43 |    38 |     6 |    11 |       ||   150
       Royal jelly       |       |       |     1 |       |       |       |     2 |     3 |       ||     6
       Beef jerky        |       |       |     2 |       |       |     3 |     3 |     1 |       ||     9
       Meat ration       |       |       |       |     1 |     1 |     5 |     4 |     1 |       ||    12
       Fruit             |       |       |       |     5 |     3 |     7 |     3 |       |       ||    18
       Pizza             |       |       |       |       |       |     2 |     2 |     2 |       ||     6
       Bread ration      |       |       |       |       |       |       |       |     4 |       ||     4
